 Dungeon Crawl Stone Soup version 0.31.0-11-ge490571c62 (webtiles) character file.

Game seed: 17466273709530598901

5124 Gobbopathe the Cleaver (level 10, -3/80 (82) HPs)
             Began as a Gnoll Cinder Acolyte on Feb 1, 2024.
             Was a High Priest of Ignis.
             Slain by a killer bee (8 damage)
             ... on level 8 of the Dungeon.
             The game lasted 00:32:37 (8563 turns).

Gobbopathe the Cleaver (Gnoll Cinder Acolyte)       Turns: 8563, Time: 00:32:38

HP:   -3/80 (82)    AC: 12    Str: 17    XL:     10   Next: 58%
MP:   19/19         EV: 12    Int: 14    God:    Ignis [*****.]
Gold: 360           SH:  0    Dex:  8    Spells: 14/21 levels left

rFire   + . .        a - +0 war axe (heavy)
rCold   . . .        (no shield)
rNeg    + . .        O - +2 leather armour {rN+}
rPois   .            (no helmet)
rElec   .            I - +0 cloak
rCorr   .            g - +1 pair of gloves
SInv    .            v - +2 pair of boots
Will    .....        (no amulet)
Stlth   ++           M - ring of wizardry
HPRegen 0.33/turn    (no ring)
MPRegen 0.16/turn

%: wizardry (x1)
@: lethally poisoned (-3 -> -7), lightly drained
A: fangs 1, strong nose, distributed training
a: Renounce Religion, Fiery Armour, Foxfire Swarm, Rising Flame


You were on level 8 of the Dungeon.
You worshipped Ignis.
Ignis was extremely pleased with you.
You visited 2 branches of the dungeon, and saw 9 of its levels.
You also visited: Sewer.

You collected 444 gold pieces.
You spent 84 gold pieces at shops.

Inventory:

Hand Weapons
 a - a +0 heavy war axe (weapon)
 b - a +0 sling
 i - a -1 hand axe of flaming
 p - a +2 war axe of pain
 r - a +0 orcbow
 K - a +4 spear of freezing
Missiles
 c - 72 stones (quivered)
 x - 3 poisoned darts
 L - 4 darts of dispersal
 N - a curare-tipped dart
Armour
 g - a +1 pair of gloves (worn)
 v - a +2 pair of boots (worn)
 I - a +0 cloak (worn)
 O - a +2 leather armour of positive energy (worn)
Magical Staves
 H - a staff of air
Jewellery
 l - a ring of ice
 M - a ring of wizardry (left hand)
Talismans
 J - a flux talisman
Wands
 C - a wand of iceblast (9)
Scrolls
 e - 4 scrolls of amnesia
 f - 3 scrolls of enchant armour
 j - 2 scrolls of acquirement {unknown}
 k - a scroll of poison {unknown}
 m - a scroll of torment {unknown}
 o - 2 scrolls of noise {unknown}
 s - 2 scrolls of revelation {unknown}
 u - 2 scrolls of vulnerability {unknown}
 w - 3 scrolls of teleportation {unknown}
 y - 3 scrolls of immolation
 z - 3 scrolls of blinking
 A - 3 scrolls of fog {unknown}
 D - a scroll of enchant weapon {unknown}
 E - 2 scrolls of summoning {unknown}
 F - a scroll of silence {unknown}
Potions
 d - 2 potions of might
 h - 3 potions of haste
 n - 2 potions of resistance
 t - 3 potions of brilliance
 B - a potion of cancellation
 G - a potion of enlightenment


   Skills:
 + Level 8.7 Fighting
 + Level 5.6 Short Blades
 + Level 5.6 Long Blades
 + Level 8.7 Axes
 + Level 5.6 Maces & Flails
 + Level 5.6 Polearms
 + Level 5.6 Staves
 + Level 5.6 Ranged Weapons
 + Level 5.6 Throwing
 + Level 5.6 Armour
 + Level 5.6 Dodging
 + Level 5.6 Stealth
 + Level 5.6 Shields
 + Level 5.6 Unarmed Combat
 + Level 6.3 Spellcasting
 + Level 4.6 Conjurations
 + Level 4.6 Hexes
 + Level 4.6 Summonings
 + Level 4.6 Necromancy
 + Level 4.6 Translocations
 + Level 7.2 Fire Magic
 + Level 4.6 Ice Magic
 + Level 4.6 Air Magic
 + Level 4.6 Earth Magic
 + Level 4.6 Alchemy
 + Level 6.2 Invocations
 + Level 5.6 Evocations
 + Level 5.1 Shapeshifting


You had 14 spell levels left.
You knew the following spells:

 Your Spells              Type           Power      Damage    Failure   Level
a - Scorch                Fire           48%        2d7       1%          2
b - Apportation           Tloc           34%        N/A       1%          1
c - Slow                  Hex            68%        N/A       1%          1
d - Vampiric Draining     Necr           17%        2d7       3%          3

Your spell library contained the following spells:

 Spells                   Type           Power      Damage    Failure   Level
 Jinxbite                 Hex            34%        N/A       1%          2
 Volatile Blastmotes      Fire/Tloc      42%        2d13      1%          3
 Confusing Touch          Hex            17%        N/A       3%          3
 Dazzling Flash           Conj/Hex       34%        N/A       3%          3
 Sigil of Binding         Hex            17%        N/A       3%          3
 Alistair's Intoxication  Alch           11%        N/A       28%         5
 Starburst                Conj/Fire      10%        6d5       65%         6
 Maxwell's Capacitive Co  Air            8%         ∞         100%        8


Dungeon Overview and Level Annotations

Branches:
Dungeon (8/15) Zot: 26810  Temple (1/1) D:5 Zot: 5998   Sewer (visited)
   Lair: D:8-11

Altars:
Cheibriados
Dithmenos
Elyvilon
Fedhas
Gozag
Hepliaklqana
Kikubaaqudgha
Makhleb
Nemelex Xobeh
Okawaru
Qazlal
Ru
Sif Muna
Trog
Uskayaw
Vehumet
Wu Jian
Yredelemnul
Zin
The Shining One

Shops:
D:4 *

Annotations:
D:6 1 runed translucent door, bananaglory's ghost, novice MfBr
D:7 3 runed translucent doors, Amaterasu's ghost, novice VSFi; Maggie; nightchill's ghost, novice MiFi
D:8 1 runed translucent door, Farlane's ghost, novice TrSh


Innate Abilities, Weirdness & Mutations

You have very sharp teeth.
Your uncanny sense of smell can sniff out nearby items.
Your experience applies equally to all skills.


Message History

The killer bee misses you. The killer bee closely misses you. x2
The killer bee barely misses you. x3; The killer bee stings you.
The killer bee closely misses you. x2
The killer bee stings you but does no damage.
The killer bee barely misses you.
The killer bee stings you but does no damage. x2
The killer bee barely misses you. The killer bee closely misses you.
You closely miss the killer bee.
The killer bee is heavily wounded.
You closely miss the killer bee. x2; You slash the killer bee!
You kill the killer bee!
You miss the killer bee.
You feel sick.
The killer bee stings you but does no damage.
The killer bee closely misses you.
The killer bee stings you but does no damage.
The killer bee closely misses you.
The killer bee stings you but does no damage. x2
The killer bee misses you.
The killer bee stings you but does no damage. x4
The killer bee barely misses you.
Farlane's ghost yells, "Who would have thought, even in death it is a pleasure to sever!"
You slice the killer bee!!
You kill the killer bee!
You miss the killer bee. x2; You hit the killer bee.
You feel sick. The killer bee barely misses you.
The killer bee stings you but does no damage. x2
The killer bee closely misses you. The killer bee misses you.
The killer bee barely misses you. The killer bee stings you!
* * * LOW HITPOINT WARNING * * *
The killer bee stings you.
* * * LOW HITPOINT WARNING * * *
You are lethally poisoned!
The killer bee poisons you!
The killer bee stings you but does no damage.
You feel better. The killer bee closely misses you. The killer bee stings you!
* * * LOW HITPOINT WARNING * * *
You are poisoned.
The killer bee poisons you! The killer bee closely misses you. x2
The killer bee stings you!
You die...

...............
..##########...
..#∩.∩...∩.#...
..#........#...
...+......:(#..#
....#........#...
....#∩.∩3W...#..>
....##########...
#.......y@†......
.?.....)yy......
##.....?.....#.
#.....###...#
##.......#...# .
#...#.#.....##..
....#...#........#
...##...........#
.. #).#..###...##


You could see a ynoxinul, 3 killer bees and Farlane's ghost.

Vanquished Creatures
  Joseph (D:7)
  Grinder (D:3)
  A wyvern (D:7)
  A steam dragon (D:7)
  Menkaure (D:7)
  Duvessa (D:5)
  3 water moccasins (D:7)
  3 ice beasts
  5 sky beasts
  2 ogres
  2 centaurs
  A phantom (D:6)
  A kobold brigand (D:6)
  3 bullfrogs
  A gnoll sergeant (D:3)
  5 scorpions
  9 wights
  Dowan (D:5)
  3 killer bees (D:8)
  A bombardier beetle (D:3)
  A howler monkey (D:8)
  A jelly (D:4)
  2 gnoll boudas
  Crazy Yiuf (D:4)
  5 orc priests
  6 hounds
  4 iguanas
  2 sleepcaps
  10 orc wizards
  15 gnolls
  17 adders
  A river rat (D:3)
  A shadow imp (D:5)
  2 white imps
  9 dart slugs
  3 ribbon worms (D:3)
  35 orcs
  14 ball pythons
  9 endoplasms
  4 giant cockroaches
  8 hobgoblins
  3 jackals (D:1)
  A quokka (D:1)
  2 bats
  15 frilled lizards
  5 goblins
  18 kobolds
  12 rats
252 creatures vanquished.

Notes
Turn   | Place    | Note
-------+----------+-------------------------------------------
     0 | D:1      | Gobbopathe the Gnoll Cinder Acolyte began the quest for the
                  | Orb.
     0 | D:1      | Reached XP level 1. HP: 23/23 MP: 4/4
   236 | D:1      | Reached XP level 2. HP: 29/29 MP: 5/5
   240 | D:1      | Learned a level 2 spell: Scorch
  1005 | D:2      | Reached XP level 3. HP: 31/35 MP: 7/7
  1101 | D:2      | Reached skill level 1 in Invocations
  1378 | D:2      | Reached skill level 1 in Short Blades
  1378 | D:2      | Reached skill level 1 in Long Blades
  1378 | D:2      | Reached skill level 1 in Maces & Flails
  1378 | D:2      | Reached skill level 1 in Polearms
  1378 | D:2      | Reached skill level 1 in Staves
  1378 | D:2      | Reached skill level 1 in Ranged Weapons
  1378 | D:2      | Reached skill level 1 in Throwing
  1378 | D:2      | Reached skill level 1 in Armour
  1378 | D:2      | Reached skill level 1 in Dodging
  1378 | D:2      | Reached skill level 1 in Stealth
  1378 | D:2      | Reached skill level 1 in Shields
  1378 | D:2      | Reached skill level 1 in Unarmed Combat
  1378 | D:2      | Reached skill level 1 in Evocations
  1453 | D:2      | Reached skill level 1 in Shapeshifting
  1453 | D:2      | Reached XP level 4. HP: 41/41 MP: 8/8
  1926 | D:3      | Found a glowing silver altar of Zin.
  2004 | D:3      | Reached skill level 1 in Conjurations
  2004 | D:3      | Reached skill level 1 in Hexes
  2004 | D:3      | Reached skill level 1 in Summonings
  2004 | D:3      | Reached skill level 1 in Necromancy
  2004 | D:3      | Reached skill level 1 in Translocations
  2004 | D:3      | Reached skill level 1 in Ice Magic
  2004 | D:3      | Reached skill level 1 in Air Magic
  2004 | D:3      | Reached skill level 1 in Earth Magic
  2004 | D:3      | Reached skill level 1 in Alchemy
  2040 | D:3      | Reached XP level 5. HP: 47/47 MP: 9/9
  2072 | D:3      | Found a hazy altar of Hepliaklqana.
  2100 | D:3      | Noticed Grinder
  2101 | D:3      | Paralysed by Grinder for 3 turns
  2110 | D:3      | Paralysed by Grinder for 5 turns
  2115 | D:3      | Killed Grinder
  2116 | D:3      | Reached XP level 6. HP: 43/53 MP: 9/11
  2256 | D:3      | Found a glowing drain.
  2264 | Sewer    | Entered a sewer
  2490 | Sewer    | Reached XP level 7. HP: 16/60 MP: 12/12
  3098 | D:4      | Noticed a +0 dagger
  3098 | D:4      | Noticed a +0 hand axe
  3098 | D:4      | Found a hide-covered altar of Uskayaw.
  3588 | D:4      | Reached XP level 8. HP: 61/67 MP: 14/14
  3641 | D:4      | Found Keech's General Store.
  3658 | D:4      | Bought a scroll of amnesia for 56 gold pieces
  3658 | D:4      | Bought a scroll of identify for 28 gold pieces
  3794 | D:4      | Learned a level 1 spell: Apportation
  3876 | D:4      | Found a runed translucent door.
  3877 | D:4      | Noticed Crazy Yiuf
  3888 | D:4      | Killed Crazy Yiuf
  3893 | D:4      | HP: 3/65 [poisoned by Crazy Yiuf]
  4113 | D:5      | Entered Level 5 of the Dungeon
  4123 | D:5      | Found a staircase to the Ecumenical Temple.
  4146 | Temple   | Entered the Ecumenical Temple
  4601 | D:5      | Noticed Dowan
  4604 | D:5      | Noticed Duvessa
  4610 | D:5      | Killed Duvessa
  4611 | D:5      | Killed Dowan
  4923 | D:5      | Found an ornate altar of the Wu Jian Council.
  5256 | D:6      | Noticed bananaglory's ghost (novice MfBr)
  5256 | D:6      | Found a runed translucent door.
  5277 | D:6      | Reached XP level 9. HP: 73/73 MP: 16/16
  5282 | D:6      | Found an opulent altar of Gozag.
  5292 | D:6      | Reached skill level 5 in Spellcasting
  6067 | D:6      | Found a stormy altar of Qazlal.
  6291 | D:7      | Noticed Joseph
  6362 | D:7      | Killed Joseph
  6363 | D:7      | Reached skill level 5 in Invocations
  6540 | D:7      | Noticed Menkaure
  6556 | D:7      | Killed Menkaure
  6841 | D:7      | HP: 2/71 [ice beast (10)]
  7157 | D:6      | Reached skill level 5 in Short Blades
  7157 | D:6      | Reached skill level 5 in Long Blades
  7157 | D:6      | Reached skill level 5 in Maces & Flails
  7157 | D:6      | Reached skill level 5 in Polearms
  7157 | D:6      | Reached skill level 5 in Staves
  7157 | D:6      | Reached skill level 5 in Ranged Weapons
  7157 | D:6      | Reached skill level 5 in Throwing
  7157 | D:6      | Reached skill level 5 in Armour
  7157 | D:6      | Reached skill level 5 in Dodging
  7157 | D:6      | Reached skill level 5 in Stealth
  7157 | D:6      | Reached skill level 5 in Shields
  7157 | D:6      | Reached skill level 5 in Unarmed Combat
  7157 | D:6      | Reached skill level 5 in Evocations
  7157 | D:6      | Reached XP level 10. HP: 41/79 MP: 18/18
  7418 | D:7      | Found a runed translucent gate.
  7418 | D:7      | Found a runed translucent gate.
  7418 | D:7      | Found a runed translucent gate.
  7514 | D:7      | Noticed nightchill's ghost (novice MiFi)
  7514 | D:7      | Noticed Amaterasu's ghost (novice VSFi)
  7539 | D:7      | Noticed Maggie
  7936 | D:7      | HP: 4/82 [orc priest/divine providence (16)]
  8170 | D:7      | Reached skill level 5 in Shapeshifting
  8186 | D:7      | Learned a level 1 spell: Slow
  8190 | D:7      | Learned a level 3 spell: Vampiric Draining
  8270 | D:7      | Found a bloodstained altar of Trog.
  8401 | D:8      | Noticed Farlane's ghost (novice TrSh)
  8401 | D:8      | Found a runed translucent door.
  8563 | D:8      | Slain by a killer bee

Illustrated notes

Levels and vault maps discovered:
D:1:      psy_arrival_basics, layout_basic, minmay_hexomino_u4
D:2:      layout_loops_ring
D:3:      layout_loops_ring, zin_statuary, mainiacjoe_overflow_surrounded_room,
          lightli_sewer_entry_pipes, uniq_grinder
D:4:      layout_rooms, dancing_weapons_uskayaw, serial_shops,
          nicolae_square_shop, minmay_unequal, uniq_crazy_yiuf_cottage
D:5:      layout_rooms, mainiacjoe_overflow_24_doors, minmay_temple_entry_grid,
          uniq_duvessa
D:6:      layout_gridville, nicolae_gozag_seed_capital,
          nicolae_qazlal_general_emergency, hellmonk_ghost_happy_afterlife
D:7:      layout_rooms, trog_hazing_becter, gammafunk_ghost_cemetery,
          minmay_bent, uniq_menkaure, uniq_joseph, uniq_maggie
D:8:      layout_rooms, hellmonk_ghost_big_iron, minmay_manual_macuahuitl
Temple:   oiseaux_autumnal_temple

Skill      XL: |  1  2  3  4  5  6  7  8  9 10 |
---------------+-------------------------------+-----
Invocations    | 1 2 3 4 5 6 |  6.2
Short Blades   | 1 2 3 4 5 |  5.6
Long Blades    | 1 2 3 4 5 |  5.6
Maces & Flails | 1 2 3 4 5 |  5.6
Polearms       | 1 2 3 4 5 |  5.6
Staves         | 1 2 3 4 5 |  5.6
Ranged Weapons | 1 2 3 4 5 |  5.6
Throwing       | 1 2 3 4 5 |  5.6
Armour         | 1 2 3 4 5 |  5.6
Dodging        | 1 2 3 4 5 |  5.6
Stealth        | 1 2 3 4 5 |  5.6
Shields        | 1 2 3 4 5 |  5.6
Unarmed Combat | 1 2 3 4 5 |  5.6
Evocations     | 1 2 3 4 5 |  5.6
Spellcasting   | 3 4 5 6 |  6.3
Shapeshifting  | 1 2 3 4 5 |  5.1
Conjurations   | 1 2 3 4 |  4.6
Hexes          | 1 2 3 4 |  4.6
Summonings     | 1 2 3 4 |  4.6
Necromancy     | 1 2 3 4 |  4.6
Translocations | 1 2 3 4 |  4.6
Ice Magic      | 1 2 3 4 |  4.6
Air Magic      | 1 2 3 4 |  4.6
Earth Magic    | 1 2 3 4 |  4.6
Alchemy        | 1 2 3 4 |  4.6
Fighting       | 7 8 |  8.7
Axes           | 7 8 |  8.7
Fire Magic     | 6 7 |  7.2

Action                     |  1- 3 |  4- 6 |  7- 9 | 10-12 || total
---------------------------+-------+-------+-------+-------++-------
  Melee: Hand axe          |    99 |       |       |       ||    99
         Bite              |     8 |     2 |    20 |    13 ||    43
         Punch             |     2 |       |     4 |     4 ||    10
         War axe           |    31 |   116 |   264 |   118 ||   529
  Throw: Stone             |       |    24 |     6 |    12 ||    42
         Dart              |       |       |    12 |     3 ||    15
         Throwing net      |       |       |     1 |       ||     1
         Boomerang         |       |       |     3 |     5 ||     8
   Cast: Scorch            |       |       |     1 |       ||     1
    Use: Scroll            |       |       |     9 |     1 ||    10
         Potion            |       |       |     4 |     3 ||     7
   Stab: Sleeping          |       |       |     3 |     4 ||     7
 Armour: Robe              |    44 |       |       |       ||    44
         Ring mail         |    29 |   132 |   235 |       ||   396
         Leather armour    |       |       |    43 |   215 ||   258
  Dodge: Dodged            |    69 |   107 |   181 |   170 ||   527
